 Dungeon Crawl Stone Soup version 0.26.0-10-g1f06aea511 (webtiles) character file.

Game seed: 17205215693333230465

4538 wakim the Destroyer (level 10, -6/81 HPs)
             Began as a Black Draconian Conjurer on Jan 24, 2021.
             Was a Believer of Vehumet.
             Mangled by a komodo dragon (13 damage)
             ... on level 9 of the Dungeon.
             The game lasted 00:38:09 (10341 turns).

wakim the Destroyer (Black Draconian Conjurer)     Turns: 10341, Time: 00:38:10

Health: -6/81      AC: 11    Str: 10      XL:     10   Next: 17%
Magic:  15/27      EV: 13    Int: 16 (17) God:    Vehumet [**....]
Gold:   384        SH:  0    Dex:  8 (10) Spells: 8/20 levels left

rFire    . . .     SeeInvis .   a - +10 dagger "Peunkeff" {flame, rElec rPois MP+9 Int-4}
rCold    . . .     Faith    .   (no shield)
rNeg     . . .     Spirit   .   (armour unavailable)
rPois    +         Reflect  .   (helmet restricted)
rElec    +         Harm     .   m - +1 cloak
rCorr    .         Rampage  .   o - +1 pair of gloves
Will     +....     Clarity  +   (no boots)
Stlth    ++........             l - amulet of magic regeneration
HPRegen  0.23/turn              A - ring of flight
MPRegen  0.45/turn              (no ring)

@: short of breath, very slightly contaminated
A: breathe lightning, unfitting armour, stinger 1, clarity, strong-willed 1,
electricity resistance, cold-blooded, AC +7
a: Breathe Lightning, Renounce Religion, Evoke Flight


You were on level 9 of the Dungeon.
You worshipped Vehumet.
Vehumet was pleased with you.
You visited 2 branches of the dungeon, and saw 10 of its levels.

You collected 384 gold pieces.

Inventory:

Hand Weapons
 a - the +10 dagger "Peunkeff" (weapon) {flame, rElec rPois MP+9 Int-4}
   (You found it on level 6 of the Dungeon)

   It has been specially enchanted to burn those struck by it, causing extra
   injury to most foes and up to half again as much damage against particularly
   susceptible opponents.
   It affects your intelligence (-4).
   It insulates you from electricity.
   It protects you from poison.
   It affects your magic capacity (+9).
 b - a +0 dire flail of holy wrath
Armour
 m - a +1 cloak (worn)
 o - a +1 pair of gloves (worn)
Jewellery
 j - an uncursed amulet of guardian spirit {unknown}
 l - an amulet of magic regeneration (around neck)
 A - a ring of flight (left hand)
Scrolls
 c - 4 scrolls of fear
 e - a scroll of fog
 h - a scroll of magic mapping
 k - 9 scrolls of identify
 p - 3 scrolls of enchant weapon
 u - 4 scrolls of teleportation
 v - 7 scrolls of remove curse
 z - a scroll of blinking
Potions
 d - 2 potions of berserk rage
 f - 2 potions of heal wounds
 g - 3 potions of brilliance
 i - a potion of might {unknown}
 n - a potion of resistance {unknown}
 q - a potion of invisibility
 t - 2 potions of cancellation


   Skills:
 - Level 5.0 Fighting
 * Level 4.7 Short Blades
 - Level 3.1 Maces & Flails
 - Level 5.0 Dodging
 + Level 4.0 Stealth
 + Level 5.7 Spellcasting
 * Level 9.4 Conjurations
 + Level 1.3 Hexes
 + Level 1.3 Translocations
 + Level 3.5 Air Magic


You had 8 spell levels left.
You knew the following spells:

 Your Spells              Type           Power        Failure   Level
a - Magic Dart            Conj           100%         1%          1
b - Searing Ray           Conj           68%          1%          2
c - Shock                 Conj/Air       100%         1%          1
d - Fulminant Prism       Conj/Hex       10%          16%         4
e - Iskenderun's Mystic   Conj/Tloc      21%          16%         4

Your spell library contained the following spells:

 Spells                   Type           Power        Failure   Level
 Freeze                   Ice            16%          14%         1
 Dazzling Flash           Conj/Hex       42%          4%          3
 Stone Arrow              Conj/Erth      38%          6%          3
 Mephitic Cloud           Conj/Pois/Air  18%          7%          3
 Poisonous Vapours        Pois/Air       20%          11%         2
 Sandblast                Erth           8%           14%         1
 Sting                    Tmut/Pois      16%          14%         1
 Passwall                 Tmut/Erth      3%           22%         2
 Ignite Poison            Fire/Tmut/Pois 4%           38%         3
 Olgreb's Toxic Radiance  Pois           4%           80%         4
 Petrify                  Tmut/Erth      4%           80%         4
 Lee's Rapid Deconstruct  Erth           2%           98%         5


Dungeon Overview and Level Annotations

Branches:
Dungeon (9/15)             Temple (1/1) D:5            Lair (0/6) D:9
    Orc: D:9-12

Altars:
Ashenzari
Cheibriados
Dithmenos
Fedhas
Gozag
Hepliaklqana
Kikubaaqudgha
Makhleb
Nemelex Xobeh
Okawaru
Qazlal
Ru
Sif Muna
Trog
Uskayaw
Vehumet
Wu Jian
Xom
Yredelemnul
Zin
The Shining One

Shops:
D:7 *


Innate Abilities, Weirdness & Mutations

You can breathe wild blasts of lightning.
Your glossy black scales are hard. (AC +7)
You cannot fit into any form of body armour.
You are resistant to electric shocks. (rElec)
You are cold-blooded and may be slowed by cold attacks.
Your tail ends in a poisonous barb.
You possess an exceptional clarity of mind.
You are strong-willed. (Will+)


Message History

Aim: a komodo dragon (severely wounded, 19% to evade)
Okay, then.
Casting: Shock (safe; 1% risk of failure)
Confirm with . or Enter, or press ? or * to list all spells.
You erupt in a blast of force!
The mystic blast hits the komodo dragon but does no damage.
The komodo dragon is severely wounded.
The komodo dragon closely misses you.
Casting: Iskenderun's Mystic Blast (dangerous; 16% risk of failure)
Confirm with . or Enter, or press ? or * to list all spells.
You miscast Iskenderun's Mystic Blast.
You are very lightly contaminated with residual magic.
Nothing appears to happen.
The komodo dragon barely misses you.
Casting: Iskenderun's Mystic Blast (dangerous; 16% risk of failure)
Confirm with . or Enter, or press ? or * to list all spells.
You erupt in a blast of force!
The mystic blast hits the komodo dragon but does no damage.
The komodo dragon is severely wounded.
The komodo dragon bites you!
You die...

.....#.).........###.#
.....#...........# ...
.....#..........# ...
........###(#.### ....
.....######...# >.^..
###### #..†.).#
#...†..#
#......#########
#..)..)..@l..†.# .#
##############.# #.##
#.# #...## #.##....P##
#.#......P#
#.#...PP..#
#.....PP..#
#.........#
#....P..PP#


You could see a komodo dragon.

Vanquished Creatures
  Joseph (D:7)
  Prince Ribbit (D:8)
  A wyvern (D:9)
  Edmund (D:6)
  5 orc warriors
  3 ice beasts
  A phantom (D:7)
  2 black bears
  2 ogres (D:6)
  2 centaurs
  A big kobold (D:9)
  8 bullfrogs
  A wyvern skeleton (D:7)
  5 scorpions
  4 howler monkeys
  2 vampire bats (D:4)
  3 jellies
  5 orc priests
  17 orc wizards
  A bullfrog zombie (D:7)
  3 bullfrog skeletons
  A centaur skeleton (D:6)
  2 hounds
  Terence (D:1)
  3 iguanas
  2 worker ants
  3 hound skeletons
  4 adders
  3 shadow imps
  A white imp (D:5)
  3 ufetubi
  An ooze (D:4)
  4 worms
  A dart slug (D:1)
  2 leopard geckos
  39 orcs
  6 giant cockroaches
  6 goblins
  8 hobgoblins
  8 jackals
  4 quokkas
  2 ball pythons
  11 bats
  11 frilled lizards
  A jackal skeleton (D:5)
  17 kobolds
  A leopard gecko skeleton (D:8)
  A quokka zombie (D:5)
  9 rats
224 creatures vanquished.

Vanquished Creatures (others)
  27 plants
27 creatures vanquished.

Grand Total: 251 creatures vanquished

Notes
Turn   | Place    | Note
-------+----------+-------------------------------------------
     0 | D:1      | wakim the Draconian Conjurer began the quest for the Orb.
     0 | D:1      | Reached XP level 1. HP: 14/14 MP: 3/3
   386 | D:1      | Reached XP level 2. HP: 20/20 MP: 3/5
  1199 | D:1      | Reached XP level 3. HP: 27/27 MP: 6/6
  1381 | D:1      | Learned a level 2 spell: Searing Ray
  1788 | D:2      | Noticed Terence
  1851 | D:1      | Killed Terence
  1852 | D:1      | Reached skill level 1 in Fighting
  1852 | D:1      | Reached XP level 4. HP: 13/35 MP: 3/7
  2164 | D:2      | Found a shimmering altar of Xom.
  2688 | D:2      | Found a sparkling altar of Nemelex Xobeh.
  3031 | D:3      | Found an ornate altar of the Wu Jian Council.
  3453 | D:3      | Reached skill level 5 in Conjurations
  3810 | D:4      | Reached XP level 5. HP: 18/41 MP: 6/9
  3987 | D:4      | Found an ancient bone altar of Kikubaaqudgha.
  4053 | D:4      | Found a glowing silver altar of Zin.
  4146 | D:4      | Found a sparkling altar of Nemelex Xobeh.
  4181 | D:4      | Reached XP level 6. HP: 50/50 MP: 2/10
  4434 | D:5      | Entered Level 5 of the Dungeon
  4482 | D:5      | Reached skill level 6 in Conjurations
  4520 | D:5      | Found a staircase to the Ecumenical Temple.
  4534 | D:5      | Noticed an ice beast
  4547 | D:5      | Killed an ice beast
  4548 | D:5      | Your scales start taking on a glossy black colour.
  4548 | D:5      | Reached XP level 7. HP: 22/57 MP: 6/12
  4548 | D:5      | Gained mutation: You are resistant to electric shocks.
                  | (rElec) [Black Draconian growth]
  5006 | D:5      | Reached skill level 7 in Conjurations
  5260 | D:5      | Found a glowing golden altar of the Shining One.
  5262 | D:5      | Noticed an angel
  5277 | D:5      | Found a basalt altar of Yredelemnul.
  5279 | D:5      | Noticed a profane servitor
  5340 | Temple   | Entered the Ecumenical Temple
  5416 | Temple   | Became a worshipper of Vehumet
  5463 | D:6      | Reached XP level 8. HP: 64/66 MP: 10/14
  5467 | D:6      | Noticed Edmund
  5632 | D:6      | Reached skill level 1 in Maces & Flails
  5665 | D:6      | Killed Edmund
  5683 | D:6      | Got a dazzling dagger
  6253 | D:6      | Found a stormy altar of Qazlal.
  6291 | D:6      | Reached skill level 5 in Fighting
  6391 | D:6      | Identified the +10 dagger "Peunkeff" {flame, rElec rPois
                  | MP+9 Int-4} (You found it on level 6 of the Dungeon)
  6414 | D:6      | Reached skill level 8 in Conjurations
  7139 | D:7      | Reached skill level 1 in Short Blades
  7170 | D:6      | Gained mutation: Your tail ends in a poisonous barb.
                  | [potion of mutation]
  7170 | D:6      | Gained mutation: You are strong-willed. (Will+) [potion of
                  | mutation]
  7170 | D:6      | Gained mutation: You possess an exceptional clarity of
                  | mind. [potion of mutation]
  7210 | D:7      | Reached XP level 9. HP: 69/74 MP: 16/16
  7227 | D:6      | Reached * piety under Vehumet
  7227 | D:6      | Offered knowledge of Shock by Vehumet.
  7237 | D:6      | Learned a level 1 spell: Shock
  7366 | D:7      | Reached skill level 5 in Spellcasting
  7382 | D:7      | Noticed Joseph
  7795 | D:7      | Reached skill level 1 in Air Magic
  7856 | D:7      | Reached skill level 5 in Dodging
  8000 | D:7      | Killed Joseph
  8007 | D:7      | Found Qeis's General Store.
  8638 | D:8      | Reached skill level 9 in Conjurations
  8913 | D:8      | Learned a level 4 spell: Fulminant Prism
  8918 | D:8      | Learned a level 4 spell: Iskenderun's Mystic Blast
  8925 | D:8      | Noticed Prince Ribbit
  8937 | D:8      | Killed Prince Ribbit
  9080 | D:8      | Reached ** piety under Vehumet
  9098 | D:8      | Offered knowledge of Freeze by Vehumet.
  9122 | D:8      | Reached XP level 10. HP: 25/81 MP: 18/18
  9726 | D:9      | Reached skill level 1 in Translocations
  9922 | D:9      | Reached skill level 1 in Hexes
 10314 | D:9      | Found a staircase to the Lair.
 10341 | D:9      | Mangled by a komodo dragon

Illustrated notes

Levels and vault maps discovered:
D:1:      co_arrival_square_in_a_square_in_a_square, layout_loops_corners,
          serial_forest, infiniplex_forest_lined_2,
          infiniplex_forest_lined_3_way, infiniplex_forest_end_2,
          infiniplex_forest_clump_medium, infiniplex_forest_end_1,
          infiniplex_forest_lined_ring
D:2:      minmay_diamond_boxcup, layout_loops_corners,
          overflow_temple_1_default, marbit_many_paths, uniq_terence
D:3:      layout_basic, lemuel_crystal_altar
D:4:      layout_cave_pools, kiku_gazebo_pond_becter, zin_statuary,
          roderic_batcave, nemelex_diamond_rough_becter
D:5:      layout_rooms, grunt_temple_overflow_holy_war,
          minmay_temple_entry_gardened_gates
D:6:      cheibrodos_fzero, layout_layer_cave, grunt_qazlal_sundering,
          uniq_edmund
D:7:      layout_rooms, serial_shops, nicolae_shop_waterfront, uniq_joseph
D:8:      layout_basic, minmay_holes, uniq_prince_ribbit1
D:9:      layout_rooms, old_standard_altar, david_lair_shrubbed, serial_shops,
          kennysheep_mini
Temple:   nicolae_temple_god_jail

Skill      XL: |  1  2  3  4  5  6  7  8  9 10 |
---------------+-------------------------------+-----
Stealth        | 2 3 4 |  4.0
Dodging        | 2 3 4 5 |  5.0
Fighting       | 1 2 3 4 5 |  5.0
Conjurations   | 5 6 7 8 9 |  9.4
Spellcasting   | 3 4 5 |  5.7
Maces & Flails | 3 |  3.1
Short Blades   | 1 4 |  4.7
Air Magic      | 3 |  3.5
Translocations | 1 |  1.3
Hexes          | 1 |  1.3

Action                   |  1- 3 |  4- 6 |  7- 9 | 10-12 || total
-------------------------+-------+-------+-------+-------++-------
Melee: Dagger            |    51 |       |    91 |    45 ||   187
       Whip              |    57 |   134 |    41 |       ||   232
       Tailslap          |       |    13 |    12 |     4 ||    29
       Flail             |       |       |    27 |       ||    27
 Cast: Magic Dart        |    30 |    19 |     5 |       ||    54
       Searing Ray       |     1 |    18 |    22 |     1 ||    42
       Shock             |       |       |    38 |     4 ||    42
       Iskenderun's Myst |       |       |       |     2 ||     2
 Abil: Breathe Lightning |       |       |    14 |     4 ||    18
  Use: Potion            |     1 |       |     6 |       ||     7
       Scroll            |       |     7 |     7 |       ||    14
 Stab: Sleeping          |     5 |     6 |       |       ||    11
       Distracted        |       |       |       |     1 ||     1
Armor: Skin              |    36 |    73 |    82 |    14 ||   205
Dodge: Dodged            |    75 |   129 |   194 |    38 ||   436
